 Dungeon Crawl Stone Soup version 0.29-a0-72-g1732ff48e7 (webtiles) character file.

Game seed: 4305140445287682605

1844 bande the Chopper (level 9, -5/55 HPs)
             Began as a Gargoyle Fighter on Feb 4, 2022.
             Was a Priest of Okawaru.
             Killed by divine providence
             ... invoked by an orc priest
              (15 damage)
             ... on level 6 of the Dungeon.
             The game lasted 00:09:12 (4935 turns).

bande the Chopper (Gargoyle Fighter)                Turns: 4935, Time: 00:09:12

Health: -5/55      AC: 16    Str: 21    XL:     9   Next: 12%
Magic:  11/11      EV:  9    Int:  8    God:    Okawaru [***...]
Gold:   398        SH:  5    Dex: 13    Spells: 8/8 levels left

rFire   + . .      SeeInvis .   a - +1 war axe (freeze)
rCold   + + .      Faith    .   c - +0 buckler
rNeg    + . .      Spirit   .   b - +0 scale mail
rPois   ∞          Reflect  .   (helmet restricted)
rElec   +          Harm     .   (no cloak)
rCorr   +          Rampage  .   n - +0 pair of gloves
Will    .....                   i - +0 pair of boots
Stlth   ..........              (no amulet)
HPRegen 0.18/turn               h - ring of protection from cold
MPRegen 0.12/turn               (no ring)

@: resistant
A: sickness immunity, AC +6, negative energy resistance 1, electricity
resistance, torment resistance 1, petrification resistance, antennae 1, fangs 1,
low MP 1, wild magic 1
a: Renounce Religion, Heroism


You were on level 6 of the Dungeon.
You worshipped Okawaru.
Okawaru was most pleased with you.
You visited 1 branch of the dungeon, and saw 6 of its levels.

You collected 398 gold pieces.

Inventory:

Hand Weapons
 a - a +1 war axe of freezing (weapon)
 r - a +0 flail
Armour
 b - a +0 scale mail (worn)
 c - a +0 buckler (worn)
 i - a +0 pair of boots (worn)
 n - a +0 pair of gloves (worn)
Jewellery
 h - a ring of protection from cold (left hand)
 l - an amulet of the acrobat
Wands
 o - a wand of flame (14)
Scrolls
 e - 4 scrolls of enchant weapon
Potions
 d - 2 potions of invisibility
 f - 5 potions of curing
 j - a potion of magic
 k - a potion of flight
 p - 2 potions of brilliance
 q - a potion of attraction {unknown}


   Skills:
 + Level 5.7 Fighting
 + Level 6.9 Axes
 + Level 6.4 Armour
 + Level 4.9 Shields
 * Level 4.9 Invocations


You had 8 spell levels left.
You didn't know any spells.
Your spell library contained the following spells:

 Spells                   Type           Power      Damage    Failure   Level
 Sting                    Tmut/Pois      0%         1d3       86%         1
 Ignite Poison            Fire/Tmut/Pois 0%         N/A       99%         3
 Mephitic Cloud           Conj/Pois/Air  0%         N/A       99%         3
 Ozocubu's Armour         Ice            0%         N/A       99%         3
 Swiftness                Air            0%         N/A       99%         3
 Lightning Bolt           Conj/Air       0%         1d11      100%        5
 Metabolic Englaciation   Hex/Ice        0%         N/A       100%        5
 Simulacrum               Ice/Necr       Unusable   N/A       N/A         6

Dungeon Overview and Level Annotations

Branches:
Dungeon (6/15)             Temple (0/1) D:4

Altars:
Dithmenos
Elyvilon
Gozag
Hepliaklqana
Okawaru
Sif Muna
Wu Jian

Annotations:
D:6 Pikel


Innate Abilities, Weirdness & Mutations

You are immune to sickness and miasma.
Your stone body is resilient. (AC +6)
You are immune to poison.
You resist negative energy. (rN+)
You are resistant to electric shocks. (rElec)
You are resistant to unholy torment.
You are immune to petrification.
You have a pair of small antennae on your head.
You have very sharp teeth.
Your magical capacity is low. (-10% MP)
Your spells are a little harder to cast, but a little more powerful.


Message History

You closely miss the orc wizard. You block the orc priest's attack.
Maggie casts a spell.
Maggie draws you further into her thrall.
The orc wizard hits you but does no damage.
You slash Maggie! You freeze Maggie.
Maggie is severely wounded.
You slash the orc wizard! You freeze the orc wizard.
You kill the orc wizard!
Okawaru accepts your kill. The orc priest misses you.
Maggie hits you with a +0 halberd.
A lemure comes into view.
The orc priest hits you but does no damage.
The lemure shouts!
You slash Maggie! You freeze Maggie.
Maggie is almost dead.
You hear a shout!
Maggie casts a spell at you. The bolt of fire hits you! You resist.
* * * LOW HITPOINT WARNING * * *
The orc priest barely misses you. Maggie hits you but does no damage.
A lemure comes into view.
You slash Maggie! You freeze Maggie.
You break out of your daze!
You kill Maggie!
Okawaru is honoured by your kill.
You hit the ogre. You freeze the ogre. You hit Pikel. You freeze Pikel.
You block the ogre's attack. You block the orc priest's attack.
Pikel hits you with a +2 whip of freezing.
* * * LOW HITPOINT WARNING * * *
You have reached level 9!
Your experience leads to an increase in your attributes!
Increase (S)trength, (I)ntelligence, or (D)exterity?
You feel agile. x2
Unknown command.
You hit the ogre. You freeze the ogre.
The ogre is heavily wounded.
You slash Pikel! You freeze Pikel. The ogre closely misses you.
The orc priest invokes the aid of Beogh against you.
Beogh smites you!
You die...

#. ####.####.#
.....#.#..#
.....#...##
<.##.....#
#?###...##
#........#
.........###
...........#
#.....O@...#
##...5K).#.).#
##...5o.#....#
.............##
..#5.........#
..#...?...#.##
..5.#######
.....


You could see Pikel, an ogre, 4 lemures and an orc priest.

Vanquished Creatures
  Maggie (D:6)
  The ghost of HallandMoats the Skirmisher, a novice OpMo of Makhleb (D:5)
  Duvessa (D:5)
  4 black bears
  2 sky beasts
  A centaur (D:5)
  Blork the orc (D:4)
  A bullfrog (D:6)
  Dowan (D:5)
  A water moccasin skeleton (D:4)
  A bullfrog zombie (D:5)
  A jelly (D:5)
  A gnoll shaman (D:6)
  An orc wizard (D:6)
  2 iguanas
  5 adders
  4 gnolls (D:6)
  3 white imps
  An adder skeleton (D:4)
  2 dart slugs (D:2)
  4 orcs
  5 bats
  6 endoplasms
  A giant cockroach (D:2)
  11 goblins
  3 hobgoblins
  2 jackals (D:1)
  6 quokkas
  6 ball pythons
  2 frilled lizards
  2 kobolds
  6 rats
89 creatures vanquished.

Notes
Turn   | Place    | Note
-------+----------+-------------------------------------------
     0 | D:1      | bande the Gargoyle Fighter began the quest for the Orb.
     0 | D:1      | Reached XP level 1. HP: 14/14 MP: 1/1
   232 | D:1      | Reached XP level 2. HP: 11/19 MP: 2/2
   689 | D:1      | Reached XP level 3. HP: 21/23 MP: 3/3
  1311 | D:2      | Found a shadowy altar of Dithmenos.
  1487 | D:2      | Reached XP level 4. HP: 29/29 MP: 4/4
  1547 | D:2      | Found a faded altar of an unknown god.
  1771 | D:3      | Found an iron altar of Okawaru.
  1786 | D:3      | Became a worshipper of Warmaster Okawaru
  2155 | D:3      | Found an ornate altar of the Wu Jian Council.
  2406 | D:4      | Noticed a black bear
  2406 | D:4      | Noticed a black bear
  2421 | D:4      | Killed a black bear
  2421 | D:4      | Reached * piety under Okawaru
  2422 | D:4      | Reached skill level 1 in Invocations
  2422 | D:4      | Reached XP level 5. HP: 20/33 MP: 5/5
  2422 | D:4      | Killed a black bear
  2423 | D:4      | Reached XP level 6. HP: 23/38 MP: 5/7
  2722 | D:4      | Found a staircase to the Ecumenical Temple.
  2850 | D:4      | Noticed a black bear
  2856 | D:4      | Killed a black bear
  2857 | D:4      | Reached XP level 7. HP: 33/44 MP: 8/8
  3035 | D:4      | Noticed Blork the orc
  3042 | D:4      | Killed Blork the orc
  3042 | D:4      | Reached ** piety under Okawaru
  3145 | D:4      | Found a faded altar of an unknown god.
  3146 | D:4      | Found a hazy altar of Hepliaklqana.
  3311 | D:4      | Found a shimmering blue altar of Sif Muna.
  3551 | D:5      | Entered Level 5 of the Dungeon
  3557 | D:5      | Reached skill level 5 in Armour
  3694 | D:5      | Reached skill level 5 in Axes
  3754 | D:5      | Noticed Duvessa
  3754 | D:5      | Noticed Dowan
  3758 | D:5      | Killed Duvessa
  3768 | D:5      | Killed Dowan
  3772 | D:5      | Reached XP level 8. HP: 21/48 MP: 10/10
  4177 | D:5      | Found a runed translucent gate.
  4177 | D:5      | Found a runed translucent gate.
  4177 | D:5      | Found a runed translucent gate.
  4180 | D:5      | Noticed HallandMoats's ghost (novice OpMo)
  4281 | D:5      | Found a white marble altar of Elyvilon.
  4367 | D:5      | Got the Collected Works on Air and Envenoming
  4485 | D:5      | Killed HallandMoats's ghost
  4486 | D:5      | Reached skill level 5 in Fighting
  4728 | D:6      | Gained mutation: Your magical capacity is low. (-10% MP)
                  | [potion of mutation]
  4728 | D:6      | Gained mutation: You have a pair of small antennae on your
                  | head. [potion of mutation]
  4728 | D:6      | Gained mutation: Your spells are a little harder to cast,
                  | but a little more powerful. [potion of mutation]
  4728 | D:6      | Gained mutation: You have very sharp teeth. [potion of
                  | mutation]
  4771 | D:6      | Reached *** piety under Okawaru
  4893 | D:6      | Found an opulent altar of Gozag.
  4909 | D:6      | Noticed Maggie
  4929 | D:6      | Noticed Pikel
  4934 | D:6      | Killed Maggie
  4935 | D:6      | Reached XP level 9. HP: 10/55 MP: 11/11
  4935 | D:6      | Killed from afar by an orc priest

Illustrated notes

Levels and vault maps discovered:
D:1:      scummos_arrival_gate, layout_loops_ring,
          hangedman_abyss_or_decor_stabs, st_stairs_12, chequers_avenue
D:2:      layout_loops_ring, basic_altar,
          dreamdust_ecumenical_altar_angels_and_demons
D:3:      layout_rooms, okawaru_metal_pillars_1_2,
          nicolae_wu_jian_immortal_techniques, corexii_item_surrounded_by_moat
D:4:      layout_cave_pools, led_sif_pool, beargit_hepliaklqana_dungeon_heroes,
          minmay_temple_entry_enclosed_plants
D:5:      layout_rooms, elyvilon_altar_1, ebering_ghost_rock_garden,
          uniq_duvessa
D:6:      layout_cave_pools, grunt_gozag_statues, serial_shops,
          nicolae_stop_n_shop_2, grunt_decor_cap,
          eino_small_chamber_without_monster, uniq_pikel, uniq_maggie,
          uniq_eustachio, uniq_blork_the_orc

Skill      XL: |  1  2  3  4  5  6  7  8 |
---------------+-------------------------+-----
Axes           | 2 3 4 5 6 |  6.9
Armour         | 4 5 6 |  6.4
Fighting       | 4 5 |  5.7
Invocations    | 1 2 3 4 |  4.9
Shields        | 4 |  4.9

Action                   |  1- 3 |  4- 6 |  7- 9 || total
-------------------------+-------+-------+-------++-------
Melee: War axe           |    96 |    76 |   125 ||   297
       Bite              |       |       |     3 ||     3
  Use: Scroll            |     4 |     5 |     6 ||    15
       Potion            |       |     1 |     4 ||     5
Armor: Scale mail        |    51 |    56 |    76 ||   183
Dodge: Dodged            |    51 |    38 |    68 ||   157
Block: Buckler           |    26 |    28 |    34 ||    88

Table legend: (Time is in decaauts)
 A = Elapsed time spent in this place.
 B = Non-inter-level travel time spent in this place.
 C = Inter-level travel time spent in this place.
 D = Time resting spent in this place.
 E = Time spent auto-exploring this place.
 F = Levels seen in this place.
 G = Mean time per level.
                   A        B        C        D        E       F      G
               +--------+--------+--------+--------+--------+-----+--------+
         Total |   5041 |   4781 |    260 |    556 |   3207 |   6 |  840.2 |
       Dungeon |   5041 |   4781 |    260 |    556 |   3207 |   6 |  840.2 |
               +--------+--------+--------+--------+--------+-----+--------+

Top non-repeatable levels by time:
     D:5: 1195 daAuts
     D:1: 1058 daAuts
     D:4: 1033 daAuts
     D:3: 787 daAuts
     D:2: 748 daAuts
     D:6: 217 daAuts
